 Dungeon Sprint DCSS version 0.27-a0-1434-g6f15984924 (webtiles) character file.

Game seed: 1889875000633880187

636 mhtbhm the Cleaver (level 7, -1/111 HPs)
             Began as a Minotaur Berserker on July 3, 2021.
             Was the Champion of Trog.
             Slain by an orc knight (22 damage)
             ... in the Dungeon (Sprint VII: "The Pits").
             The game lasted 00:01:04 (520 turns).

mhtbhm the Cleaver (Minotaur Berserker)              Turns: 520, Time: 00:01:05

Health: -1/111     AC: 13    Str: 24    XL:     7   Next: 25%
Magic:  6/6        EV: 10    Int:  4    God:    Trog [******]
Gold:   0          SH:  0    Dex:  9    Spells: 6/6 levels left

rFire    . . .     SeeInvis .   a - +2 hand axe (vorpal)
rCold    . . .     Faith    .   (no shield)
rNeg     . . .     Spirit   .   b - +3 chain mail
rPois    .         Reflect  .   (helmet restricted)
rElec    .         Harm     .   (no cloak)
rCorr    .         Rampage  .   (no gloves)
Will     .....     NoTele   +   (no boots)
Stlth    ..........             (no amulet)
HPRegen  0.28/turn              (no ring)
MPRegen  0.10/turn              (no ring)

@: berserking, very quick
A: horns 2, retaliatory headbutt
a: Renounce Religion, Berserk, Trog's Hand, Brothers in Arms


You were in the Dungeon.
You worshipped Trog.
Trog was exalted by your worship.
You visited 1 branch

Inventory:

Hand Weapons
 a - a +2 vorpal hand axe (weapon)
Armour
 b - a +3 chain mail (worn)
Scrolls
 h - a scroll of blinking
 j - a scroll of summoning
Potions
 c - 6 potions of curing
 d - 5 potions of heal wounds
 e - a potion of haste
 f - 4 potions of magic
 g - 3 potions of berserk rage
 i - 2 potions of invisibility


   Skills:
 + Level 11.4 Fighting
 + Level 12.6 Axes
 + Level 6.7 Armour
 + Level 6.1 Dodging


You had 6 spell levels left.
You didn't know any spells.
Your spell library was empty.

Dungeon Overview and Level Annotations

Branches:
Dungeon (1/1)

Altars:
Cheibriados
Dithmenos
Elyvilon
Fedhas
Gozag
Hepliaklqana
Makhleb
Nemelex Xobeh
Okawaru
Qazlal
Ru
Sif Muna
Trog
Wu Jian
Xom
Yredelemnul
Zin
The Shining One
Jiyva


Innate Abilities, Weirdness & Mutations

You have a pair of horns on your head.
You reflexively headbutt those who attack you in melee.


Message History

You headbutt the orc knight!
Your chain mail prevents you from hitting the orc knight.
You headbutt the orc knight, but do no damage.
The orc knight is moderately wounded.
You closely miss the orc knight.
The orc knight is moderately wounded.
The orc knight hits you with a +1 dire flail.
You hit the orc knight but do no damage.
The orc knight is moderately wounded.
The orc knight hits you with a +1 dire flail!
You hit the orc knight but do no damage.
The orc knight is moderately wounded.
You barely miss the orc knight.
The orc knight is moderately wounded.
The orc knight hits you but does no damage.
You hit the orc knight but do no damage.
You headbutt the orc knight.
The orc knight is moderately wounded.
The orc knight hits you with a +1 dire flail!!
You are too injured to fight recklessly!
You are too injured to fight recklessly!
You are too injured to fight recklessly!
You are too injured to fight recklessly!
You are too injured to fight recklessly!
You are too injured to fight recklessly!
You are too injured to fight recklessly!
You are too injured to fight recklessly!
You are too injured to fight recklessly!
A red film seems to cover your vision as you go berserk!
You feel yourself moving faster!
You feel mighty!
The orc knight hits you with a +1 dire flail!!
* * * LOW HITPOINT WARNING * * *
You hit the orc knight.
The orc knight is heavily wounded.
You closely miss the orc knight.
The orc knight is heavily wounded.
You closely miss the orc knight.
The orc knight is heavily wounded.
The orc knight hits you with a +1 dire flail!!
You die...

#.#...)))[.##.......#
#)###########.......#
#)))))).# #########
#))###).# #.......#
##.###.##+#
#.......#.+
#..###..#o#
#.......'@#
###########


You could see an orc knight.

Vanquished Creatures
  2 floating eyes (D)
  A bullfrog (D)
  A gnoll sergeant (D)
  2 gnoll shamans (D)
  3 orc priests (D)
  An orc wizard (D)
  12 gnolls (D)
  An ufetubus (D)
  A worm (D)
  2 orcs (D)
  2 endoplasms (D)
  A giant cockroach (D)
  A hobgoblin (D)
  2 jackals (D)
  A rat (D)
33 creatures vanquished.

Notes
Turn   | Place    | Note
-------+----------+-------------------------------------------
     0 | D        | mhtbhm the Minotaur Berserker began the quest for the Orb.
     0 | D        | Reached XP level 1. HP: 19/19 MP: 0/0
    17 | D        | Reached skill level 4 in Axes
    21 | D        | Found a bloodstained altar of Trog.
    21 | D        | Found a shimmering blue altar of Sif Muna.
    21 | D        | Found a viscous altar of Jiyva.
    21 | D        | Found a hazy altar of Hepliaklqana.
    21 | D        | Found an opulent altar of Gozag.
    22 | D        | Found a glowing golden altar of the Shining One.
    22 | D        | Found a glowing silver altar of Zin.
    22 | D        | Found a basalt altar of Yredelemnul.
    22 | D        | Found a shimmering altar of Xom.
    22 | D        | Found an ornate altar of the Wu Jian Council.
    22 | D        | Found a sacrificial altar of Ru.
    22 | D        | Found a stormy altar of Qazlal.
    22 | D        | Found an iron altar of Okawaru.
    22 | D        | Found a sparkling altar of Nemelex Xobeh.
    22 | D        | Found a burning altar of Makhleb.
    22 | D        | Found a blossoming altar of Fedhas.
    22 | D        | Found a white marble altar of Elyvilon.
    22 | D        | Found a shadowy altar of Dithmenos.
    22 | D        | Found a snail-covered altar of Cheibriados.
    58 | D        | Reached skill level 5 in Axes
    58 | D        | Reached XP level 2. HP: 28/28 MP: 1/1
    61 | D        | Reached ** piety under Trog
    62 | D        | Reached skill level 5 in Fighting
    69 | D        | Noticed a floating eye
    69 | D        | Noticed a floating eye
    71 | D        | Paralysed by a floating eye for 2 turns
    75 | D        | Killed a floating eye
    76 | D        | Reached skill level 8 in Axes
    76 | D        | Reached XP level 3. HP: 40/40 MP: 2/2
    76 | D        | Reached XP level 4. HP: 48/48 MP: 3/3
    78 | D        | Killed a floating eye
    78 | D        | Reached *** piety under Trog
    79 | D        | Reached skill level 9 in Axes
    79 | D        | Reached skill level 5 in Armour
    79 | D        | Reached XP level 5. HP: 57/57 MP: 4/4
    86 | D        | Reached skill level 10 in Axes
    88 | D        | Reached skill level 5 in Dodging
    88 | D        | Reached XP level 6. HP: 60/66 MP: 5/5
    89 | D        | Reached **** piety under Trog
   246 | D        | Reached skill level 10 in Fighting
   247 | D        | Reached skill level 11 in Axes
   249 | D        | Reached ***** piety under Trog
   255 | D        | Received a gift from Trog
   260 | D        | Reached skill level 12 in Axes
   271 | D        | Reached XP level 7. HP: 26/74 MP: 1/6
   274 | D        | Received a gift from Trog
   504 | D        | Reached ****** piety under Trog
   507 | D        | Noticed an orc knight
   520 | D        | Slain by an orc knight

Illustrated notes

Levels and vault maps discovered:
D:        pitsprint [storerooms_1, entrance_room_1, metal_vault_6, armoury_1,
          mini_pit_1, grid_room_1, main_hall_1, silver_pit, the_coven_1,
          the_vestibule_1, steel_vault_2, golden_pit, hallway_of_sentries,
          crystal_vault_3, iron_vault_2, final_vault]

Skill      XL: |  1  2  3  4  5  6  7 |
---------------+----------------------+-----
Fighting       | 4 7 9 11 | 11.4
Axes           | 5 8 9 10 12 | 12.6
Armour         | 3 4 5 6 |  6.7
Dodging        | 4 5 6 |  6.1

Action                   |  1- 3 |  4- 6 |  7- 9 || total
-------------------------+-------+-------+-------++-------
Melee: Hand axe          |    16 |    31 |    22 ||    69
       Headbutt          |     3 |     2 |     4 ||     9
Invok: Berserk           |       |     2 |     1 ||     3
  Use: Potion            |       |     1 |       ||     1
Armor: Animal skin       |     2 |       |       ||     2
       Chain mail        |       |    27 |     7 ||    34
Dodge: Dodged            |     6 |    22 |     9 ||    37

Table legend: (Time is in decaauts)
 A = Elapsed time spent in this place.
 B = Non-inter-level travel time spent in this place.
 C = Inter-level travel time spent in this place.
 D = Time resting spent in this place.
 E = Time spent auto-exploring this place.
 F = Levels seen in this place.
 G = Mean time per level.
                   A        B        C        D        E       F      G
               +--------+--------+--------+--------+--------+-----+--------+
         Total |    523 |    523 |      0 |    185 |    115 |   1 |  523.0 |
       Dungeon |    523 |    523 |      0 |    185 |    115 |   1 |  523.0 |
               +--------+--------+--------+--------+--------+-----+--------+

Top non-repeatable levels by time:
       D: 523 daAuts
